 Dungeon Crawl Stone Soup version 0.25-a0-420-g1cc7eeb0d1 (webtiles) character file.

Game seed: 10283567210801595204, levelgen mode: deterministic

0 MrRokkomies the Ducker (level 1, -8/11 HPs)
             Began as a Spriggan Abyssal Knight on Jan 19, 2020.
             Was a Follower of Lugonu.
             Mangled by a thrashing horror (11 damage)
             ... on level 3 of the Abyss.
             The game lasted 00:01:32 (333 turns).

MrRokkomies the Ducker (Spriggan Abyssal Knight)     Turns: 333, Time: 00:01:33

Health: -8/11      AC:  2    Str:  8    XL:     1   Next: 0%
Magic:  3/12       EV: 18    Int: 13    God:    Lugonu [*.....]
Gold:   26         SH:  0    Dex: 15    Spells: 0/0 levels left

rFire    . . .     SeeInvis +   a - +1 short sword
rCold    . . .     Gourm    .   (shield restricted)
rNeg     . . .     Faith    .   b - +0 robe
rPois    .         Spirit   .   (helmet restricted)
rElec    .         Reflect  .   (no cloak)
rCorr    .         Harm     .   (gloves unavailable)
MR       .....                  (boots unavailable)
Stlth    +.........             (no amulet)
HPRegen  0.03/turn              d - ring of magical power
MPRegen  0.13/turn              (no ring)

@: very quick
A: very small, unfitting armour, see invisible, herbivore, speed 3, slow
metabolism 2
a: Depart the Abyss, Renounce Religion


You were on level 3 of the Abyss.
You worshipped Lugonu.
Lugonu was aware of your devotion.
You were not hungry.

You visited 0 branches of the dungeon, and saw 0 of its levels.
You visited the Abyss 1 time.

You collected 26 gold pieces.

Inventory:

Hand Weapons
 a - a +1 short sword (weapon)
Armour
 b - a +0 robe (worn)
Jewellery
 d - a ring of magical power (left hand)
Scrolls
 f - a scroll of teleportation {unknown}
Potions
 e - 2 potions of magic {unknown}
Comestibles
 c - a ration


   Skills:
 + Level 2.4 Fighting
 + Level 2.1 Short Blades
 + Level 3.5 Dodging
 + Level 1.7 Invocations


You couldn't memorise any spells.
You didn't know any spells.
Your spell library was empty.

Dungeon Overview and Level Annotations

Branches:
Dungeon (0/15)

Altars:


Innate Abilities, Weirdness & Mutations

You are very small and have problems with some larger weapons.
You are too small for most types of armour.
You have supernaturally acute eyesight. (SInv)
You are a herbivore.
You cover ground extremely quickly.
You need to consume almost no food.


Message History

A wretched star comes into view.
The thrashing horror closely misses you.
The thrashing horror tramples you.
You stumble backwards!
The thrashing horror roars!
The thrashing horror tramples you.
You stumble backwards!
The thrashing horror misses you. The thrashing horror tramples you.
* * * LOW HITPOINT WARNING * * *
You hold your ground!
The thrashing horror roars!
The thrashing horror barely misses you.
The thrashing horror closely misses you.
You hit the thrashing horror.
The thrashing horror is lightly damaged.
The thrashing horror misses you.
The thrashing horror completely misses you.
You hit the thrashing horror.
The thrashing horror is lightly damaged.
The thrashing horror tramples you!
Ouch! That really hurt!
You die...

#.. .## . . #...
#..#### #.. .
#...##.#.. #....
.#. . ....####.##
# #... #..*##.#...
.
#...#..#..##..#.#.
#...#...#.#. ##
###....##.#..#.
#.#X.#X@# .#..
#####.###.### #.##
. # ## ## #


You could see a thrashing horror.

Vanquished Creatures
  A bush (Abyss:1)
1 creature vanquished.

Notes
Turn   | Place    | Note
-------+----------+-------------------------------------------
     0 | Abyss:1  | MrRokkomies the Spriggan Abyssal Knight began the quest for
                  | the Orb.
     0 | Abyss:1  | Reached XP level 1. HP: 11/11 MP: 3/3
   261 | Abyss:2  | Noticed a small abomination
   304 | Abyss:3  | Found a corrupted altar of Lugonu.
   322 | Abyss:3  | Noticed a black draconian
   323 | Abyss:3  | Noticed a thrashing horror
   323 | Abyss:3  | Noticed a thrashing horror
   326 | Abyss:3  | Noticed a wretched star
   333 | Abyss:3  | Mangled by a thrashing horror

Levels and vault maps discovered:
Abyss:3:  hangedman_abyss_stitches_cave, hangedman_summoners_spam,
          nicolae_abyss_rune_left_handed

Action                   || total
-------------------------++-------
Melee: Short sword       ||   227
Dodge: Dodged            ||     6

Table legend:
 A = Non-vault XP
 B = Vault XP
 C = Vault XP percentage of total XP
 D = Non-vault monster count
 E = Vault monster count
 F = Vault count percentage of total count
                 A         B        C        D         E       F
            +---------+---------+-------+---------+---------+-------
      Total |       0 |       0 |   N/A |       0 |       0 |  -nan
            +---------+---------+-------+---------+---------+-------
            +---------+---------+-------+---------+---------+-------
